Unix NetHack Version 5.0.0-0 post-release - last build May 31 2026 23:59:36 (970b52f25bf058293b47ddfd14a1e40e571c508c,branch:main).

Game began 2026-06-04 18:39:03, ended 2026-06-04 18:53:26.

DaveT, lawful male human Priest

                                 -------------
                                 |C.........C|
                                 |....%C.....|
                                 |...-----...|
                                 |...|.{.|...|
                                 -..C.{.{|C..|
                                 |...|.{.|...|
                                 |...-----..!|
                                 |.....C..d@.|
                                 |C.........C|
                                 -------------

DaveT the Adept              St:11 Dx:12 Co:17 In:10 Wi:18 Ch:10  Lawful
Dlvl:7  $:156 HP:0(50) Pw:63(66) AC:2  Xp:6 T:2825 

Latest messages:
 Hmmm, the chest turns out to be locked.
 A trap door opens up under you!
 You see here a statue of a plains centaur.
 You hit the wolf!
 The wolf bites!
 You hit the wolf!
 The wolf bites!
 You hit the wolf.
 The wolf bites!
 You miss the wolf.
 The wolf bites!
 You hit the wolf.
 The wolf bites!
 You kill the wolf!
 You see here a wolf corpse.
 There is a wolf corpse here; eat it? [ynq] (n) y
 This wolf corpse tastes terrible!
 You stop eating the wolf corpse.
 Your silver mace named Demonbane sears the werewolf's flesh!
 You kill the werewolf!
 You see here a scroll labeled VAS CORP BET MANI.
 T - a scroll labeled VAS CORP BET MANI.
 You miss the monkey.
 The monkey hits!
 The monkey stole a potion of healing.
 The monkey tries to run away with your potion of healing.
 You miss the monkey.
 You miss the monkey.
 You see here a statue of a plains centaur.
 You hit the monkey.
 Sirius misses!
 You kill the monkey!
 Sirius bites!
 You hit Sirius!
 Sirius bites!
 You miss Sirius.
 Sirius bites!
 You miss Sirius.
 Sirius misses!
 You hit Sirius!
 Sirius bites!
 What do you want to zap? [K or ?*] ?
 In what direction? h
 You kill Sirius!
 The bolt of cold hits the wolf!
 You miss the wolf.
 The wolf bites!
 You die...
 Do you want your possessions identified? [ynq] (y) y
 Do you want to see your attributes? [ynq] (y) q

Inventory:
 Coins    ('$')
  $ - 156 gold pieces
 Amulets  ('"')
  P - an amulet of life saving
 Weapons  (')')
  O - 2 poisoned +0 orcish arrows
  C - a +0 orcish dagger (at the ready)
  A - the +1 Demonbane (weapon in right hand)
  a - a blessed rusty +1 mace
 Armor    ('[')
  D - a blessed +0 orcish helm (being worn)
  Q - a rusty corroded +0 orcish helm
  c - a +0 small shield (being worn)
  b - a +1 robe (being worn)
  m - a blessed +1 leather armor (being worn)
 Comestibles  ('%')
  e - a clove of garlic
  w - 2 food rations
  L - 2 lembas wafers
  f - a sprig of wolfsbane
  o - 3 lichen corpses
 Scrolls  ('?')
  M - a scroll of confuse monster
  S - a scroll of identify
  T - a scroll of teleportation
 Potions  ('!')
  G - 2 potions of extra healing
  v - a blessed potion of healing
  s - a cursed potion of healing
  R - a potion of object detection
  d - 4 potions of holy water
 Rings    ('=')
  t - a ring of poison resistance
 Wands    ('/')
  K - a cursed wand of cold (0:3)
 Tools    ('(')
  F - a stethoscope
 Gems/Stones  ('*')
  H - a cursed worthless piece of violet glass
  J - a worthless piece of yellow glass

DaveT the Priest's attributes:

Background:
 You were an Adept, a level 6 human Priest.
 You were lawful, on a mission for Issek
 who was opposed by Mog (neutral) and Kos (chaotic).
 You were right-handed.
 You were in the Dungeons of Doom, on level 7.
 You entered the dungeon 2825 turns ago.
 You had 445 experience points, 195 more were needed to attain level 7.

Basics:
 You had 0 out of 50 hit points.
 You had 63 out of 66 energy points (spell power).
 Your armor class was 2.
 Your wallet contained 156 zorkmids.
 Autopickup was off.

Final Characteristics:
 Your strength was 11 (limit:18/100).
 Your dexterity was 12 (limit:18).
 Your constitution was 17 (limit:18).
 Your intelligence was 10 (limit:18).
 Your wisdom was 18 (limit:18).
 Your charisma was 10 (limit:18).

Final Status:
 You weren't hungry.
 You were unencumbered.
 You were wielding a mace.
 You were skilled in mace.

Final Attributes:
 You were piously aligned.
 You were guarded.
 Your spell casting was enhanced by wearing a robe.
 You are dead.

Miscellaneous:
 You encountered 1 bones level.
 Total elapsed playing time was 14 minutes and 22 seconds.

Major events:
 Turn
    1: DaveT the lawful human Priest entered the dungeon
 1247: attained the rank of Acolyte (level 3)
 1252: was bestowed with Demonbane by Issek
 1286: entered the Gnomish Mines
 2581: attained the rank of Adept (level 6)
 2825: killed by a wolf

Spells:
 Name                 Level Category     Fail Retention
 light                  1   clerical       0%   81%-90%
 healing                1   healing        0%  76%-100%

Skills:
 Fighting Skills
   bare handed combat [Unskilled]
 Weapon Skills
   club               [Unskilled]
   mace               [Skilled]
   morning star       [Unskilled]
   flail              [Unskilled]
   hammer             [Unskilled]
   quarterstaff       [Unskilled]
   polearms           [Unskilled]
   spear              [Unskilled]
   trident            [Unskilled]
   lance              [Unskilled]
   bow                [Unskilled]
   sling              [Unskilled]
   crossbow           [Unskilled]
   dart               [Unskilled]
   shuriken           [Unskilled]
   boomerang          [Unskilled]
   unicorn horn       [Unskilled]
 Spellcasting Skills
   healing spells     [Unskilled]
   divination spells  [Unskilled]
   clerical spells    [Basic]

Voluntary challenges:
 Character rerolling was not enabled.
 You never genocided any monsters.
 You never polymorphed an object.
 You never changed form.
 You used no wishes.
Achievements:
 You attained the rank of Acolyte.
 You entered the Gnomish Mines.
 You entered a shop.
 You attained the rank of Adept.

 The Dungeons of Doom: levels 1 to 7
    Level 1:
       A fountain.
    Level 2:
       An altar.
    Level 3:
       An altar to Issek, some fountains.
       Stairs down to The Gnomish Mines.
    Level 4:
       A general store, some fountains.
    Level 5: "vault"
       A vegetarian food shop, a fountain.
    Level 6:
    Level 7: <- You were here.
       Many fountains.
       Final resting place for
          you, killed by a wolf,
          flandre-Ran-Hum-Fem-Neu, killed by a wolf.
 The Gnomish Mines:
    Level 4:


Vanquished creatures:
  a small mimic
  a wolf
  a werewolf
  a dog
  2 human zombies
  a mountain nymph
  5 Uruk-hai
  a rock mole
  2 elf zombies
  2 giant ants
  2 hill orcs
  a centipede
  a monkey
 an acid blob
  a gas spore
  a cave spider
  a green mold
  a gnome
  5 garter snakes
  a gnome zombie
  4 geckos
  4 jackals
  a fox
  3 kobolds
  a goblin
  a sewer rat
  4 grid bugs
  2 bats
  5 lichens
  a kobold zombie
  5 newts
63 creatures vanquished.

No species were genocided or became extinct.

Game over:
                       ----------
                      /          \
                     /    REST    \
                    /      IN      \
                   /     PEACE      \
                  /                  \
                  |      DaveT       |
                  |      156 Au      |
                  | killed by a wolf |
                  |                  |
                  |                  |
                  |                  |
                  |       2026       |
                 *|     *  *  *      | *
        _________)/\\_//(\/(/\)/\//\/|_)_______

Goodbye DaveT the Priest...

You died in The Dungeons of Doom on dungeon level 7 with 2271 points,
and 156 pieces of gold, after 2825 moves.
You were level 6 with a maximum of 50 hit points when you died.

